 Dungeon Crawl Stone Soup version 0.31-a0-819-gf6de2f5ab6 (webtiles) character file.

Game seed: 13226747150523872820

333 qw the Shooter (level 6, -7/38 HPs)
             Began as a Gargoyle Hunter on Sept 23, 2023.
             Mangled by an orc warrior
             ... wielding a +0 battleaxe
              (10 damage)
             ... on level 4 of the Dungeon.
             The game lasted 00:01:09 (2640 turns).

qw the Shooter (Gargoyle Hunter)                    Turns: 2640, Time: 00:01:09

Health: -7/38      AC: 12    Str: 15    XL:     6   Next: 52%
Magic:  6/6        EV: 11    Int:  9    God:
Gold:   1066       SH:  0    Dex: 15    Spells: 5/5 levels left

rFire   . . .        i - +0 shortbow (heavy)
rCold   . . .        (shield currently unavailable)
rNeg    + . .        m - +0 troll leather armour {Pargi}
rPois   inf          (no helmet)
rElec   +            c - +0 cloak
rCorr   .            f - +2 pair of gloves
SInv    .            n - +0 pair of boots
Will    .....        (no amulet)
Stlth   ++           (no ring)
HPRegen 1.06/turn    (no ring)
MPRegen 0.10/turn

%: no passive effects
@: no status effects
A: sickness immunity, AC +4, negative energy resistance 1, electricity
resistance, torment resistance 1, petrification resistance
a: no special abilities


You were on level 4 of the Dungeon.
You visited 1 branch of the dungeon, and saw 4 of its levels.
You also visited: Sewer.

You collected 1066 gold pieces.


Innate Abilities, Weirdness & Mutations

You are immune to sickness and miasma.
Your stone body is resilient. (AC +4)
You are immune to poison.
You resist negative energy. (rN+)
You are resistant to electric shocks. (rElec)
You are resistant to unholy torment.
You are immune to petrification.


   Skills:
 - Level 4.0 Fighting
 + Level 6.7 Ranged Weapons
 - Level 1.2 Armour
 - Level 1.5 Dodging
 - Level 1.1 Stealth


You had 5 spell levels left.
You didn't know any spells.
Your spell library was empty.

Inventory:

Hand Weapons
 i - a +0 heavy shortbow (weapon)
Armour
 c - a +0 cloak (worn)
 f - a +2 pair of gloves (worn)
 m - a +0 troll leather armour (worn) {Pargi}
 n - a +0 pair of boots (worn)
Scrolls
 p - 2 scrolls of identify
Potions
 b - a potion of heal wounds {unknown}
 e - a potion of mutation {unknown}
 j - a potion of haste {unknown}
 k - a potion of cancellation {unknown}
 l - a potion of curing {unknown}
 q - a potion of enlightenment {unknown}

Dungeon Overview and Level Annotations

Branches:
Dungeon (4/15)              Sewer (visited)
 Temple: D:4-7

Altars:
Qazlal
Sif Muna
Vehumet

Annotations:
D:4 Natasha


Message History

The gnoll hits you from afar with a +0 halberd!
The gnoll hits you from afar with a +0 halberd.
The gnoll hits you but does no damage. The gnoll closely misses you.
2632 ||| READING scroll of teleportation.
As you read the scroll of teleportation, it crumbles to dust.
You feel strangely unstable. The gnoll barely misses you. x2
You shoot an arrow. The arrow hits the gnoll.
The gnoll is severely wounded.
The gnoll barely misses you.
The gnoll hits you from afar with a +0 halberd.
The gnoll hits you but does no damage. The gnoll barely misses you.
You shoot an arrow. The arrow closely misses the gnoll.
Your surroundings suddenly seem different.
An orc warrior and an orc come into view.
Found 11 gold pieces and a viscous silvery potion.
You shoot an arrow. The arrow hits the orc.
The orc shouts!
The orc is severely wounded.
The orc warrior shouts!
You shoot an arrow. The arrow hits the orc.
You kill the orc!
You shoot an arrow.
The arrow closely misses the orc warrior.
An orc comes into view. It is wielding a +0 dagger.
You shoot an arrow. The orc shouts!
The arrow hits the orc warrior.
The orc warrior is lightly wounded.
The orc warrior hits you with a +0 battleaxe.
You shoot an arrow. The arrow hits the orc warrior.
The orc warrior is moderately wounded.
Natasha, Servant of Life and Death comes into view.
She is carrying a wand of polymorph.
The orc warrior hits you with a +0 battleaxe!
You shoot an arrow.
The arrow barely misses the orc warrior.
Natasha hisses angrily.
The orc warrior misses you.
The orc warrior hits you with a +0 battleaxe!
You die...

#.............
#.............
#......h......
#..........!..
#.....o.$)....
#.............
#...$..o...#
#.....@....#
############


You could see an orc warrior, Natasha and an orc.

Vanquished Creatures
  Pargi (Sewer)
  Natasha (D:4)
  An iguana (D:2)
  6 adders
  2 gnolls (D:4)
  A river rat (D:3)
  3 worms
  2 dart slugs
  7 orcs
  5 ball pythons
  4 bats
  7 endoplasms
  2 giant cockroaches
  7 goblins
  9 hobgoblins
  5 jackals (D:1)
  2 quokkas (D:2)
  10 frilled lizards
  10 kobolds
  8 rats
93 creatures vanquished.

Notes
Turn   | Place    | Note
-------+----------+-------------------------------------------
     0 | D:1      | qw the Gargoyle Hunter began the quest for the Orb.
     0 | D:1      | Reached XP level 1. HP: 12/12 MP: 1/1
     0 | D:1      | 0 ||| qw: Version: 0.3-a-83-gcd0e7d8
     0 | D:1      | 0 ||| qw: Game counter: 1615
     0 | D:1      | 0 ||| qw: Melee chars always use a shield: true
     0 | D:1      | 0 ||| qw: God list: Okawaru
     0 | D:1      | 0 ||| qw: Allow faded altars: false
     0 | D:1      | 0 ||| qw: Do Orc after clearing Dungeon:15 true
     0 | D:1      | 0 ||| qw: Do second Lair branch before Depths: true
     0 | D:1      | 0 ||| qw: Lair rune preference: random
     0 | D:1      | 0 ||| qw: Goals: Normal
     0 | D:1      | 0 ||| PLANNING D:1-11
    63 | D:1      | Found a faded altar of an unknown god.
   229 | D:1      | Reached XP level 2. HP: 17/17 MP: 2/2
   455 | D:1      | Reached XP level 3. HP: 21/21 MP: 3/3
   610 | D:1      | Reached skill level 5 in Ranged Weapons
   778 | D:1      | 778 ||| UPGRADING to +0 ring mail.
   788 | D:1      | 788 ||| DROPPING +0 leather armour.
   789 | D:1      | 789 ||| UPGRADING to +2 pair of gloves.
   794 | D:1      | 794 ||| READING scroll labelled YVAPPONIHO.
   795 | D:1      | 795 ||| READING scroll labelled FURIMN HYNKOPP.
   796 | D:1      | 796 ||| DROPPING scroll of butterflies.
   853 | D:2      | Reached skill level 1 in Armour
   970 | D:2      | Reached XP level 4. HP: 27/27 MP: 4/4
   980 | D:2      | Reached skill level 3 in Fighting
  1257 | D:2      | Reached XP level 5. HP: 32/32 MP: 5/5
  1403 | D:2      | 1403 ||| READING scroll labelled KUECKO ELUTH.
  1404 | D:2      | 1404 ||| READING scroll labelled PEKLUK GAUG.
  1505 | D:2      | 1505 ||| READING scroll labelled EHUROH UT YVOS.
  1506 | D:2      | 1506 ||| READING scroll labelled GONILO ISCHOPLY.
  1535 | D:3      | 1535 ||| PLANNING SEWER
  1635 | D:3      | Found a glowing drain.
  1638 | D:3      | 1638 ||| UPGRADING to +0 cloak.
  1657 | Sewer    | Entered a sewer
  1693 | Sewer    | 1693 ||| Stepping ~*~*~tactically~*~*~ (water).
  1696 | Sewer    | 1696 ||| Stepping ~*~*~tactically~*~*~ (water).
  1733 | Sewer    | 1733 ||| READING scroll of brand weapon.
  1733 | Sewer    | 1733 ||| BRANDING +0 shortbow of flaming.
  1744 | Sewer    | Noticed Pargi
  1745 | Sewer    | 1745 ||| Stepping ~*~*~tactically~*~*~ (water).
  1755 | Sewer    | Killed Pargi
  1756 | Sewer    | Reached skill level 6 in Ranged Weapons
  1756 | Sewer    | Reached XP level 6. HP: 24/37 MP: 6/6
  1820 | Sewer    | 1820 ||| Stepping ~*~*~tactically~*~*~ (water).
  1846 | Sewer    | 1846 ||| UPGRADING to +0 troll leather armour {Pargi}.
  1856 | Sewer    | 1856 ||| DROPPING +0 ring mail.
  1857 | Sewer    | 1857 ||| READING scroll labelled DAOJEL GOEJ.
  1858 | Sewer    | 1858 ||| READING scroll labelled NITHRE DANILUA.
  1872 | D:3      | 1872 ||| PLANNING D:1-11
  2339 | D:3      | Identified the +3 leather armour of a Labyrinth {Stlth+}
  2404 | D:3      | 2404 ||| UPGRADING to +0 pair of boots.
  2409 | D:3      | 2409 ||| DROPPING +3 leather armour of a Labyrinth
                  | {Stlth+}.
  2410 | D:3      | 2410 ||| READING 2 scrolls labelled NADWOE RULIBAN.
  2411 | D:3      | 2411 ||| READING scroll labelled INACUN PYHOUFU.
  2411 | D:3      | Identified a scroll of acquirement
  2411 | D:3      | 2411 ||| ACQUIRING 911 gold pieces
  2411 | D:3      | Acquired 911 gold pieces
  2413 | D:3      | 2413 ||| DRINKING 2 amethyst potions.
  2517 | D:3      | 2517 ||| READING 2 scrolls of identify.
  2517 | D:3      | 2517 ||| IDENTIFYING glowing brown potion
  2518 | D:3      | 2518 ||| DROPPING potion of invisibility.
  2519 | D:3      | 2519 ||| DROPPING potion of berserk rage.
  2520 | D:3      | 2520 ||| DROPPING scroll of vulnerability.
  2585 | D:4      | Found a radiant altar of Vehumet.
  2586 | D:4      | Found a stormy altar of Qazlal.
  2597 | D:4      | Found a shimmering blue altar of Sif Muna.
  2600 | D:4      | Noticed Natasha
  2604 | D:4      | Killed Natasha
  2631 | D:4      | HP: 8/38 [gnoll/+0 halberd (8)]
  2632 | D:4      | 2632 ||| READING scroll of teleportation.
  2634 | D:4      | Noticed an orc warrior
  2638 | D:4      | HP: 9/38 [orc warrior/+0 battleaxe (6)]
  2639 | D:4      | Noticed Natasha
  2639 | D:4      | HP: 1/38 [orc warrior/+0 battleaxe (9)]
  2640 | D:4      | Mangled by an orc warrior

Levels and vault maps discovered:
D:1:      dpeg_arrival_solitude, layout_loops_ring,
          chequers_ecumenical_altar_twisty
D:2:      layout_loops_cross, chequers_jeans, minmay_between
D:3:      layout_loops_ring, cheibrodos_sewer_entry_sluice
D:4:      layout_basic, nicolae_overflow_macrodata_refinement, minivault_23,
          uniq_blork_the_orc, uniq_natasha

Skill      XL: |  1  2  3  4  5  6 |
---------------+-------------------+-----
Ranged Weapons | 5 6 |  6.7
Armour         | 1 |  1.2
Fighting       | 3 4 |  4.0
Dodging        | |  1.5
Stealth        | |  1.1

Action                     |  1- 3 |  4- 6 || total
---------------------------+-------+-------++-------
   Fire: Shortbow          |    98 |   158 ||   256
    Use: Scroll            |     2 |    11 ||    13
         Potion            |       |     1 ||     1
 Armour: Leather armour    |    15 |       ||    15
         Ring mail         |     2 |    36 ||    38
         Troll leather arm |       |    55 ||    55
  Dodge: Dodged            |    19 |    86 ||   105

Table legend:
 A = Non-vault XP
 B = Vault XP
 C = Vault XP percentage of total XP
 D = Non-vault monster count
 E = Vault monster count
 F = Vault count percentage of total count
                 A         B        C        D         E       F
            +---------+---------+-------+---------+---------+-------
      Total |     255 |     221 |  46.4 |      75 |      18 |  19.4
            +---------+---------+-------+---------+---------+-------
        D:1 |      48 |       0 |   0.0 |      26 |       0 |   0.0
        D:2 |     100 |      18 |  15.3 |      24 |       4 |  14.3
        D:3 |      69 |      18 |  20.7 |      18 |       4 |  18.2
        D:4 |      38 |      36 |  48.6 |       7 |       1 |  12.5
      Sewer |       0 |     149 | 100.0 |       0 |       9 | 100.0
            +---------+---------+-------+---------+---------+-------
